 Dungeon Crawl Stone Soup version 0.21.1 (webtiles) character file.

86 shakethe the Shield-Bearer (level 4, -1/42 HPs)
             Began as a Deep Dwarf Fighter on Feb 5, 2018.
             Slain by PheasantPlucker's ghost (21 damage)
             ... on level 3 of the Dungeon.
             The game lasted 00:04:27 (1575 turns).

shakethe the Shield-Bearer (Deep Dwarf Fighter)     Turns: 1575, Time: 00:04:28

Health: -1/42      AC:  7    Str: 20    XL:     4   Next: 27%
Magic:  3/3        EV:  7    Int:  8    God:
Gold:   133        SH:  9    Dex: 13    Spells: 3/3 levels left

rFire    . . .     SeeInvis +   a - +0 war axe
rCold    . . .     Gourm    .   c - +0 shield
rNeg     . . .     Faith    .   b - +0 scale mail
rPois    .         Spirit   .   (no helmet)
rElec    .         Reflect  .   (no cloak)
rCorr    .         Harm     .   (no gloves)
MR       .....                  (no boots)
Stlth    ..........             (no amulet)
HPRegen  0.00/turn              e - ring of see invisible
MPRegen  0.08/turn              (no ring)

@: non-regenerating
A: damage resistance, heal wounds, sense surroundings 1, no regeneration
a: Heal Wounds


You were on level 3 of the Dungeon.
You were not hungry.

You visited 1 branch of the dungeon, and saw 3 of its levels.

You collected 133 gold pieces.

Inventory:

Hand Weapons
 a - a +0 war axe (weapon)
 j - a +1 dagger of holy wrath
Armour
 b - a +0 scale mail (worn)
 c - a +0 shield (worn)
Jewellery
 e - a ring of see invisible (left hand)
 g - a +5 amulet of reflection {unknown}
Wands
 p - a wand of flame (18)
Scrolls
 h - 2 scrolls of fog {unknown}
 k - 2 scrolls of magic mapping {unknown}
 m - 2 scrolls of enchant armour {unknown}
 o - a scroll of immolation {unknown}
 q - a scroll of enchant weapon {unknown}
 r - a scroll of remove curse {unknown}
Potions
 d - a potion of might
 i - a potion of agility {unknown}
 l - a potion of lignification {unknown}
 n - a potion of degeneration {unknown}
Comestibles
 f - 5 rations


   Skills:
 + Level 3.2 Fighting
 * Level 3.5 Axes
 + Level 3.8 Armour
 + Level 3.9 Shields


You had 3 spell levels left.
You didn't know any spells.

Dungeon Overview and Level Annotations

Branches:
Dungeon (3/15)

Altars:

Annotations:
D:3 PheasantPlucker's ghost, amateur OgHu


Innate Abilities, Weirdness & Mutations

You are resistant to damage.
You can heal yourself by infusing magical energy.
You passively map a small area around you.
You do not regenerate.


Message History

PheasantPlucker's ghost barely misses you.
You slash PheasantPlucker's ghost!
PheasantPlucker's ghost is moderately damaged.
PheasantPlucker's ghost barely misses you.
You block PheasantPlucker's ghost's attack.
You slash PheasantPlucker's ghost!
PheasantPlucker's ghost is moderately damaged.
PheasantPlucker's ghost closely misses you.
You slash PheasantPlucker's ghost!
PheasantPlucker's ghost is heavily damaged.
You block PheasantPlucker's ghost's attack.
You hit PheasantPlucker's ghost.
PheasantPlucker's ghost is heavily damaged.
PheasantPlucker's ghost hits you but does no damage.
You block PheasantPlucker's ghost's attack.
You hit PheasantPlucker's ghost.
PheasantPlucker's ghost is severely damaged.
PheasantPlucker's ghost hits you!!
Ouch! That really hurt!
You die...

#.#####........####.........###..
#.......[.........'.........+....
#######.##.#...####.........####.
* #.##.#..## ##.......## #. *
#.##.#.## ##.....## ## #.......#
##...## #.##.#..# ####'##
#.##.#..####...##.#
#.........@W.#,*#.# #######
#.#####.####...##.###......
#.#####.# *#.##...##.#####
#...†...# #............#
#########* .#.#.....#.#.# *
#.........#.# ###.###.### # *,#.#
#.. #.#* #### *


You could see PheasantPlucker's ghost.

Vanquished Creatures
  3 adders (D:2)
  3 worms (D:2)
  A dart slug (D:1)
  A leopard gecko (D:1)
  An orc (D:3)
  4 bats
  2 giant cockroaches (D:2)
  9 goblins
  5 hobgoblins (D:2)
  2 quokkas (D:2)
  A ball python (D:1)
  10 frilled lizards (D:2)
  5 kobolds
  A rat (D:1)
48 creatures vanquished.

Notes
Turn   | Place    | Note
-------+----------+-------------------------------------------
     0 | D:1      | shakethe the Deep Dwarf Fighter began the quest for the Orb.
     0 | D:1      | Reached XP level 1. HP: 20/20 MP: 1/1
   152 | D:1      | Reached XP level 2. HP: 27/27 MP: 2/2
   715 | D:2      | Reached XP level 3. HP: 27/34 MP: 3/3
  1040 | D:2      | Reached XP level 4. HP: 24/42 MP: 3/3
  1236 | D:2      | Found a faded altar of an unknown god.
  1566 | D:3      | Noticed PheasantPlucker's ghost (amateur OgHu)
  1575 | D:3      | Slain by PheasantPlucker's ghost

Skill      XL: |  1  2  3 |
---------------+----------+-----
Fighting       | 3 |  3.2
Axes           | 3 |  3.5
Armour         | |  3.8
Shields        | |  3.9

Action                   |  1- 3 |  4- 6 || total
-------------------------+-------+-------++-------
Melee: War axe           |   112 |    27 ||   139
 Abil: Heal Wounds       |     1 |       ||     1
  Eat: Chunk             |     1 |     1 ||     2
Armor: Scale mail        |    72 |     6 ||    78
Dodge: Dodged            |    44 |    14 ||    58
Block: Shield            |    77 |    16 ||    93
